 Dungeon Crawl Stone Soup version 0.19.0-18-g426998a (webtiles) character file.

122 Rrauwl the Gusty (level 4, 0/27 HPs)
             Began as a High Elf Air Elementalist on Nov 11, 2016.
             Was a Follower of Qazlal.
             Slain by Grinder (5 damage)
             ... while paralysed by Grinder
             ... on level 3 of the Dungeon.
             The game lasted 00:24:57 (1786 turns).

Rrauwl the Gusty (High Elf Air Elementalist)        Turns: 1786, Time: 00:24:58

Health: 0/27       AC:  4    Str:  7    XL:     4   Next: 78%
Magic:  6/9        EV:  2    Int: 19    God:    Qazlal [*.....]
Gold:   132        SH:  0    Dex: 16    Spells: 2 memorised, 6 levels left

rFire  . . .     SeeInvis .     k - +0 long sword
rCold  . . .     Gourm    .     a - +0 robe
rNeg   . . .     Faith    .     (no shield)
rPois  .         Spirit   .     (no helmet)
rElec  .         Reflect  .     (no cloak)
rCorr  .         Harm     .     (no gloves)
MR     .....                    (no boots)
Stlth  ++........               (no amulet)
                                (no ring)
                                (no ring)

@: paralysed
A: hooves 2, icy blue scales 1
a: Renounce Religion


You were on level 3 of the Dungeon.
You worshipped Qazlal.
Qazlal was aware of your devotion.
You were not hungry.

You visited 1 branch of the dungeon, and saw 3 of its levels.

You collected 132 gold pieces.

Inventory:

Hand Weapons
 k - a +0 long sword (weapon)
Armour
 a - a +0 robe (worn)
Scrolls
 h - a scroll of teleportation
 m - a scroll of remove curse
 n - a scroll of magic mapping {unknown}
Potions
 e - a potion of curing
 g - a potion of magic
 l - a potion of brilliance
Books
 b - a book of Air

   Spells                             Type                      Level
   a - Shock                          Conjuration/Air              1
   b - Swiftness                      Charms/Air                   2
   c - Repel Missiles                 Charms/Air                   2
   d - Static Discharge               Conjuration/Air              3
   e - Lightning Bolt                 Conjuration/Air              5
Comestibles
 c - 2 bread rations
 d - 2 beef jerkies
 f - 10 chunks of flesh
 i - a meat ration
 j - 2 slices of pizza
 o - 5 fruits


   Skills:
   Level 0.5(1.0) Short Blades
 * Level 1.2(1.3) Long Blades
 + Level 3.0 Dodging
 - Level 2.3 Stealth
 + Level 3.3 Spellcasting
 + Level 1.8 Conjurations
 + Level 4.8 Air Magic
 * Level 0.9 Invocations


You had 6 spell levels left.
You knew the following spells:

 Your Spells              Type           Power        Failure   Level  Hunger
a - Shock                 Conj/Air       ###.         4%          1    None
b - Repel Missiles        Chrm/Air       ##....       10%         2    ##.....


Dungeon Overview and Level Annotations

Branches:
Dungeon (3/15)

Altars:
Qazlal

Annotations:
D:3 Grinder


Innate Abilities, Weirdness & Mutations

You have hoof-like feet.
You are partially covered in icy blue scales. (AC +2)


Message History

You riposte.
You hit the adder. You kick the adder.
The adder is almost dead.
Casting: Shock
Confirm with . or Enter, or press ? or * to list all spells.
Aiming: Shock
Press: ? - help, Shift-Dir - straight line, f/p - Grinder
Aim: Grinder The zap hits the adder.
You kill the adder!
Qazlal accepts your kill.
Your Dodging skill increases to level 3!
The zap hits Grinder.
Grinder is lightly wounded.
Grinder gestures at you.
You suddenly lose the ability to move!
Grinder hits you!
You writhe in agony.
* * * LOW HITPOINT WARNING * * *
Grinder blinks!
Grinder hits you.
You die...

.. ........# ### #### ##
#.... #.#####≈≈####..##
..
.##....##...8#.≈≈.##.##.#
..
..........#..#.≈≈.#.##.##
..
..........#.##.≈≈..###.#
..
..........#.##.≈≈.##.#.##
..
#........)#.##.≈≈.##.##.#
##
#......§.5#.8#.≈≈.#.###.#
#....?..@.#..#.≈≈.#.###.#
#.....###.#.##.≈≈.##.#.##
###### ..#.##.≈≈.###.###
#...#.##.≈≈.# ##.##
...#.8#.≈≈.# ##.#
...#..#.≈≈.# ##.##
....#.##.≈≈.# #.###
..#)##.≈≈.# #.# #
#.#.##.≈≈.###.###


You could see Grinder.

Vanquished Creatures
  3 adders
  3 dart slugs
  A worm (D:2)
  A leopard gecko (D:3)
  An orc (D:3)
  5 giant cockroaches
  9 goblins
  15 hobgoblins
  8 jackals
  8 kobolds
  2 quokkas
  9 bats
  6 frilled lizards
  6 rats
77 creatures vanquished.

Notes
Turn   | Place    | Note
-------+----------+-------------------------------------------
     0 | D:1      | Rrauwl the High Elf Air Elementalist began the quest for the Orb.
     0 | D:1      | Reached XP level 1. HP: 11/11 MP: 4/4
   129 | D:1      | Reached XP level 2. HP: 9/17 MP: 0/6
   136 | D:1      | Reached skill level 4 in Air Magic
   381 | D:1      | Reached XP level 3. HP: 16/21 MP: 5/8
   442 | D:1      | Learned a level 1 spell: Shock
   692 | D:2      | Noticed a fire elemental
   694 | D:2      | Found a stormy altar of Qazlal.
   695 | D:2      | Noticed a water elemental
   695 | D:2      | Noticed an earth elemental
   695 | D:2      | Noticed an air elemental
   700 | D:2      | Became a worshipper of Qazlal Stormbringer
  1018 | D:2      | Reached XP level 4. HP: 27/27 MP: 6/9
  1366 | D:2      | Learned a level 2 spell: Repel Missiles
  1572 | D:3      | Reached * piety under Qazlal
  1696 | D:3      | Reached skill level 1 in Long Blades
  1766 | D:3      | Gained mutation: You have large cloven feet. [potion of mutation]
  1766 | D:3      | Gained mutation: You have hoof-like feet. [potion of mutation]
  1766 | D:3      | Gained mutation: You are partially covered in icy blue scales. (AC +2) [potion of mutation]
  1769 | D:3      | Noticed Grinder
  1783 | D:3      | Paralysed by Grinder for 6 turns
  1786 | D:3      | Slain by Grinder

Skill      XL: |  1  2  3  4 |
---------------+-------------+-----
Air Magic      | 4 |  4.8
Spellcasting   | 3 |  3.3
Long Blades    | 1 |  1.2
Dodging        | 3 |  3.0
Short Blades   | |  0.5
Stealth        | |  2.3
Conjurations   | |  1.8
Invocations    | |  0.9

Action                   |  1- 3 |  4- 6 || total
-------------------------+-------+-------++-------
Melee: Mace              |    19 |       ||    19
       Unarmed           |     2 |       ||     2
       Short sword       |    16 |     9 ||    25
       Long sword        |       |     6 ||     6
       Kick              |       |     1 ||     1
 Cast: Shock             |    55 |    37 ||    92
  Use: Scroll            |     6 |     4 ||    10
       Potion            |     2 |     2 ||     4
  Eat: Chunk             |       |     3 ||     3
Armor: Robe              |    12 |     4 ||    16
Dodge: Dodged            |    56 |    28 ||    84
       Rpst.: Long sword |       |    10 ||    10
